 Dungeon Crawl Stone Soup version 0.19.1-1-g22dce08 (webtiles) character file.

2982 theAP the Basher (level 9, 0/60 HPs)
             Began as a Gargoyle Fighter on Jan 5, 2017.
             Was an Elder of Qazlal.
             Slain by theAP's ghost (2 damage)
             ... on level 7 of the Dungeon.
             The game lasted 00:20:14 (6188 turns).

theAP the Basher (Gargoyle Fighter)                 Turns: 6188, Time: 00:20:14

Health: 0/60       AC: 13    Str: 24    XL:     9   Next: 83%
Magic:  8/8        EV:  7    Int:  8    God:    Qazlal [****..]
Gold:   377        SH: 15    Dex:  9    Spells: 0 memorised, 8 levels left

rFire  . . .     SeeInvis .     h - +1 flail (crush)
rCold  . . .     Gourm    .     b - +0 scale mail
rNeg   + . .     Faith    .     c - +1 shield
rPois  ∞         Spirit   .     (no helmet)
rElec  +         Reflect  .     (no cloak)
rCorr  .         Harm     .     (no gloves)
MR     .....                    n - +0 pair of boots
Stlth  ..........               (no amulet)
                                (no ring)
                                (no ring)

@: repel missiles
A: low mp 1, negative energy resistance 1, electricity resistance, unbreathing,
petrification resistance, rot immunity, AC +5
a: Upheaval, Elemental Force, Renounce Religion


You were on level 7 of the Dungeon.
You worshipped Qazlal.
Qazlal was greatly pleased with you.
You were near starving.

You visited 1 branch of the dungeon, and saw 7 of its levels.

You collected 377 gold pieces.

Inventory:

Hand Weapons
 a - a +2 flail
 h - a +1 flail of crushing (weapon)
Armour
 b - a +0 scale mail (worn)
 c - a +1 shield (worn)
 n - a +0 pair of boots (worn)
Wands
 u - a wand of disintegration (0/24)
Scrolls
 d - 5 scrolls of identify
 e - 5 scrolls of remove curse
 k - a scroll of teleportation
 r - a scroll of amnesia
 t - 2 scrolls of blinking {unknown}
 v - a scroll of recharging
 w - a scroll of fog {unknown}
Potions
 l - a potion of ambrosia
 o - a potion of flight
 p - a potion of agility
 s - a potion of magic
Books
 q - a book of Minor Magic

   Spells                             Type                      Level
   a - Magic Dart                     Conjuration                  1
   b - Blink                          Translocation                2
   c - Call Imp                       Summoning                    2
   d - Repel Missiles                 Charms/Air                   2
   e - Slow                           Hexes                        2
   f - Conjure Flame                  Conjuration/Fire             3
   g - Mephitic Cloud                 Conjuration/Poison/Air       3
Comestibles
 f - 5 bread rations
 i - 2 slices of pizza
 j - 5 fruits
 m - 6 meat rations


   Skills:
 + Level 9.0 Fighting
 * Level 11.0 Maces & Flails
 - Level 3.2 Armour
 - Level 3.2 Shields


You had 8 spell levels left.
You didn't know any spells.

Dungeon Overview and Level Annotations

Branches:
Dungeon (7/15)             Temple (0/1) D:4

Altars:
Elyvilon
Fedhas
Hepliaklqana
Makhleb
Nemelex Xobeh
Qazlal
Sif Muna
Trog
Vehumet
Zin
The Shining One

Shops:
D:5 [

Annotations:
D:7 theAP's ghost, novice GrFi


Innate Abilities, Weirdness & Mutations

You are resistant to torment.
Your stone body is resilient. (AC +5)
You are immune to poison.
You resist negative energy. (rN+)
You are resistant to electric shocks. (rElec)
You can survive without breathing.
You are immune to petrification.
You are immune to rotting.
Your magical capacity is low. (-10% MP)


Message History

You are near starving!
You sock theAP's ghost!
TheAP's ghost is severely damaged.
TheAP's ghost hits you.
You barely miss theAP's ghost.
TheAP's ghost is severely damaged.
TheAP's ghost hits you!
* * * LOW HITPOINT WARNING * * *
x2 You feel better.
TheAP's ghost hits you!
* * * LOW HITPOINT WARNING * * *
x2 You hit theAP's ghost but do no damage.
TheAP's ghost is severely damaged.
You block theAP's ghost's attack.
You barely miss theAP's ghost.
TheAP's ghost is severely damaged.
TheAP's ghost hits you but does no damage.
You closely miss theAP's ghost.
TheAP's ghost is severely damaged.
TheAP's ghost hits you.
You die...

##.# ##.#.# .... #. #.#
#.#.## #(.# #.
#.####.#.###..# ######.
#....####.....# #......
#....# #.....########.####.
#....####.....#........#....
#.............#.##..W<...##.
####.####.###§#[##.##.)####.
#.......@W......##.... ..
############.#####.######
#.# #.# #.. ..# #### ###


You could see theAP's ghost.

Vanquished Creatures
  The ghost of theAP the Cudgeler, an amateur GrFi (D:4)
  Sigmund (D:2)
  Menkaure (D:6)
  A sky beast (D:5)
  An orc warrior (D:6)
  A phantom (D:6)
  An ogre (D:6)
  3 centaurs (D:6)
  3 bullfrogs
  3 big kobolds
  2 gnoll sergeants (D:6)
  A wyvern zombie (D:6)
  4 scorpions
  A howler monkey (D:4)
  3 crimson imps
  A bullfrog zombie (D:5)
  A jelly (D:5)
  A quasit (D:7)
  3 orc priests (D:6)
  8 hounds
  4 orc wizards
  Jessica (D:2)
  3 worker ants
  A hound zombie (D:6)
  2 hound skeletons
  A worker ant zombie (D:7)
  7 gnolls
  11 adders
  2 shadow imps (D:6)
  An ooze (D:4)
  2 adder skeletons (D:5)
  2 worms
  A dart slug (D:2)
  A leopard gecko (D:7)
  22 orcs
  9 bats
  2 giant cockroaches (D:4)
  6 goblins
  14 hobgoblins
  10 jackals
  27 kobolds
  2 quokkas (D:6)
  2 frilled lizards (D:2)
  A jackal skeleton (D:6)
  7 rats
  2 plants (D:6)
184 creatures vanquished.

Vanquished Creatures (others)
  A goblin (D:2)
  9 fungi (D:6)
  A plant (D:6)
11 creatures vanquished.

Grand Total: 195 creatures vanquished

Notes
Turn   | Place    | Note
-------+----------+-------------------------------------------
     0 | D:1      | theAP the Gargoyle Fighter began the quest for the Orb.
     0 | D:1      | Reached XP level 1. HP: 14/14 MP: 1/1
   489 | D:1      | Reached XP level 2. HP: 19/19 MP: 2/2
   665 | D:2      | Found a radiant altar of Vehumet.
   678 | D:2      | Reached XP level 3. HP: 20/24 MP: 3/3
   736 | D:2      | Noticed Jessica
   742 | D:2      | Killed Jessica
   742 | D:2      | Reached skill level 3 in Maces & Flails
   867 | D:2      | Reached XP level 4. HP: 29/29 MP: 4/4
   938 | D:2      | Found a stormy altar of Qazlal.
   940 | D:2      | Noticed an earth elemental
   941 | D:2      | Noticed a water elemental
   941 | D:2      | Noticed a fire elemental
   941 | D:2      | Noticed an air elemental
   947 | D:2      | Became a worshipper of Qazlal Stormbringer
  1045 | D:2      | Found a radiant altar of Vehumet.
  1089 | D:2      | Found a hazy altar of Hepliaklqana.
  1296 | D:2      | Noticed Sigmund
  1306 | D:2      | Killed Sigmund
  1306 | D:2      | Reached skill level 5 in Fighting
  1306 | D:2      | Reached skill level 5 in Maces & Flails
  1306 | D:2      | Reached XP level 5. HP: 5/35 MP: 5/5
  1306 | D:2      | Reached XP level 6. HP: 6/40 MP: 6/6
  2330 | D:3      | Reached skill level 6 in Maces & Flails
  2440 | D:3      | Reached XP level 7. HP: 44/44 MP: 7/7
  2559 | D:4      | Noticed theAP's ghost (amateur GrFi)
  2576 | D:4      | Killed theAP's ghost
  2649 | D:4      | Reached skill level 7 in Maces & Flails
  2660 | D:4      | Found a bloodstained altar of Trog.
  2674 | D:4      | Reached * piety under Qazlal
  2716 | D:4      | Found a staircase to the Ecumenical Temple.
  2803 | D:4      | Reached XP level 8. HP: 50/52 MP: 8/8
  3067 | D:4      | Found a burning altar of Makhleb.
  3109 | D:5      | Entered Level 5 of the Dungeon
  3118 | D:5      | Found a glowing silver altar of Zin.
  3171 | D:5      | Reached skill level 8 in Maces & Flails
  3568 | D:5      | Reached ** piety under Qazlal
  3572 | D:5      | Gained mutation: Your magical capacity is low. (-10% MP) [mutagenic meat]
  3853 | D:5      | Found Viynt's Antique Armour Shoppe.
  4368 | D:6      | Reached skill level 9 in Maces & Flails
  4412 | D:6      | Found a white marble altar of Elyvilon.
  4414 | D:6      | Found a sparkling altar of Nemelex Xobeh.
  4415 | D:6      | Found a glowing golden altar of the Shining One.
  4415 | D:6      | Found a blossoming altar of Fedhas.
  4710 | D:6      | Reached XP level 9. HP: 58/58 MP: 8/8
  4805 | D:7      | Noticed theAP's ghost (novice GrFi)
  4808 | D:7      | HP: 2/59 [theAP's ghost (4)]
  5250 | D:6      | Reached *** piety under Qazlal
  5250 | D:6      | Reached skill level 10 in Maces & Flails
  5475 | D:6      | Noticed Menkaure
  5484 | D:6      | Killed Menkaure
  5909 | D:7      | Reached **** piety under Qazlal
  6023 | D:7      | Found a deep blue altar of Sif Muna.
  6100 | D:7      | Reached skill level 11 in Maces & Flails
  6185 | D:7      | HP: 2/60 [theAP's ghost (4)]
  6188 | D:7      | Slain by theAP's ghost

Skill      XL: |  1  2  3  4  5  6  7  8  9 |
---------------+----------------------------+-----
Fighting       | 4 5 6 7 9 |  9.0
Maces & Flails | 3 5 6 7 9 11 | 11.0
Armour         | |  3.2
Shields        | |  3.2

Action                   |  1- 3 |  4- 6 |  7- 9 || total
-------------------------+-------+-------+-------++-------
Melee: Flail             |   126 |   136 |   497 ||   759
Evoke: Wand              |       |       |     3 ||     3
  Use: Scroll            |     5 |     5 |     7 ||    17
       Potion            |       |     1 |    11 ||    12
  Eat: Chunk             |       |     5 |    11 ||    16
       Fruit             |       |       |     2 ||     2
Armor: Scale mail        |   101 |    63 |   174 ||   338
Dodge: Dodged            |    54 |    47 |    94 ||   195
       Deflected         |       |       |     1 ||     1
Block: Shield            |    88 |    83 |   317 ||   488
